 Dungeon Crawl Stone Soup version 0.26-a0-259-g1effd001a9 (webtiles) character file.

Game seed: 18304709363511700357

11875 billymom2 the Severer (level 11, -13/101 HPs)
             Began as a Minotaur Berserker on July 17, 2020.
             Was a High Priest of Trog.
             Hit by a large rock thrown by a stone giant (33 damage)
             ... on level 2 of the Orcish Mines.
             The game lasted 00:47:17 (12657 turns).

billymom2 the Severer (Minotaur Berserker)         Turns: 12657, Time: 00:47:17

Health: -13/101    AC: 21    Str: 24    XL:     11   Next: 55%
Magic:  10/10      EV: 10    Int:  4    God:    Trog [*****.]
Gold:   955        SH:  0    Dex: 11    Spells: 10/10 levels left

rFire    + . .     SeeInvis .   L - +2 battleaxe (flame)
rCold    . . .     Faith    .   (shield currently unavailable)
rNeg     . . .     Spirit   .   K - +0 plate armour
rPois    .         Reflect  .   (helmet restricted)
rElec    .         Harm     .   g - +1 cloak
rCorr    .                      E - +0 pair of gloves
MR       .....                  (no boots)
Stlth    ..........             (no amulet)
HPRegen  0.26/turn              f - ring of protection from fire
MPRegen  0.12/turn              i - +4 ring of protection

@: no status effects
A: retaliatory headbutt, horns 2
a: Berserk, Trog's Hand, Brothers in Arms, Renounce Religion


You were on level 2 of the Orcish Mines.
You worshipped Trog.
Trog was extremely pleased with you.
You were not hungry.

You visited 2 branches of the dungeon, and saw 11 of its levels.
You also visited: Ossuary.

You collected 955 gold pieces.

Inventory:

Hand Weapons
 a - a +0 morningstar of holy wrath
 C - a +1 scythe of flaming
 L - a +2 battleaxe of flaming (weapon)
Missiles
 h - 23 poisoned darts (quivered)
Armour
 d - a +0 ring mail
 g - a +1 cloak (worn)
 z - +0 steam dragon scales
 E - a +0 pair of gloves (worn)
 K - a +0 plate armour (worn)
Jewellery
 f - a ring of protection from fire (left hand)
 i - a +4 ring of protection (right hand)
 H - an uncursed ring of magical power
Wands
 e - a wand of iceblast (6)
 n - a wand of digging (11)
 w - a wand of random effects (18)
 y - a wand of acid (9)
 F - a wand of flame (10)
Scrolls
 b - 8 scrolls of identify
 l - a scroll of teleportation
 t - a scroll of magic mapping
 D - 2 scrolls of remove curse
 G - a scroll of fog
Potions
 j - 6 potions of curing
 k - a potion of stabbing
 m - a potion of heal wounds
 o - a potion of resistance
 p - a potion of invisibility
 q - 2 potions of brilliance
 r - 2 potions of berserk rage
 s - 2 potions of flight
 u - 4 potions of haste
 v - 3 potions of lignification
 I - 2 potions of magic
Comestibles
 c - 15 rations


   Skills:
 + Level 10.9 Fighting
 + Level 15.6 Axes
 + Level 9.0 Armour
 + Level 6.5 Dodging
 - Level 1.2 Stealth


You had 10 spell levels left.
You didn't know any spells.
Your spell library was empty.

Dungeon Overview and Level Annotations

Branches:
Dungeon (9/15)             Temple (0/1) D:7            Lair (0/6) D:8
    Orc (2/2) D:9             Elf (0/3) Orc:2       Ossuary (visited)

Altars:
Ashenzari
Dithmenos
Fedhas
Gozag
Hepliaklqana
Kikubaaqudgha
Qazlal
Ru
The Shining One
Beogh

Shops:
D:8 *   Orc:2 (:


Innate Abilities, Weirdness & Mutations

You reflexively headbutt those who attack you in melee.
You have a pair of horns on your head.


Message History

A stone giant comes into view.
Things that are here:
a +0 troll leather armour; a troll skeleton
There are monsters nearby!
The stone giant shouts!
The orc hits you but does no damage.
The stone giant throws a large rock.
The large rock completely misses you.
Items here: $ ( ) † a large rock; a +0 short sword; 8 gold pieces; an orc corpse You completely miss the orc.
The orc barely misses you.
You closely miss the orc.
The stone giant throws a large rock.
The large rock hits you!!
* * * LOW HITPOINT WARNING * * *
The orc hits you.
* * * LOW HITPOINT WARNING * * *
You slice the orc!! You burn the orc.
You kill the orc!
Trog accepts your kill.
The stone giant throws a large rock.
The large rock hits you!!
You die...

###### ###
.#.#.#.##.##
........)..#
.........[.#
.........@[##
........#$).#
........[..)#
.......$...#)......
...................
......#...........#
..C................
...........#.......
..........###......


You could see a stone giant.

Vanquished Creatures
  Harold (D:7)
  Urug (Orc:1)
  3 orc high priests (Orc:2)
  An orc sorcerer (Orc:2)
  Joseph (D:7)
  3 trolls (Orc:2)
  2 hippogriffs
  Sigmund (D:6)
  Eustachio (D:6)
  A steam dragon (D:7)
  4 wargs (Orc:2)
  Edmund (D:5)
  A sky beast (D:8)
  3 ice beasts
  3 ogres
  9 orc warriors
  3 phantoms
  3 centaurs
  2 bullfrogs
  A wyvern zombie (Ossuary)
  6 scorpions
  5 killer bees (D:9)
  4 wights (D:9)
  2 howler monkeys
  4 bullfrog zombies
  A centaur zombie (Ossuary)
  Crazy Yiuf (D:7)
  3 hounds
  A centaur skeleton (D:7)
  28 orc priests
  2 jellies
  6 orc wizards
  A bullfrog skeleton (D:7)
  2 iguanas
  8 worker ants
  Terence (D:2)
  15 mummies (Ossuary)
  3 worker ant zombies (Ossuary)
  11 adders
  3 gnolls (D:2)
  3 shadow imps
  5 white imps
  4 oozes
  An adder zombie (D:8)
  An adder skeleton (D:6)
  3 worms
  5 leopard geckos
  60 orcs
  8 giant cockroaches
  4 goblins
  8 hobgoblins
  8 jackals
  4 quokkas
  A ball python (D:1)
  8 bats
  6 frilled lizards
  A giant cockroach zombie (Ossuary)
  A jackal zombie (D:7)
  7 kobolds
  2 quokka skeletons
  2 quokka zombies (Ossuary)
  9 rats
  3 rat zombies (D:3)
  5 fungi (D:7)
311 creatures vanquished.

Vanquished Creatures (collateral kills)
  A stone giant (Orc:1)
  An orc sorcerer (Orc:2)
  3 orc priests (Orc:2)
  4 orcs
9 creatures vanquished.

Vanquished Creatures (others)
  4 withered plants (Ossuary)
4 creatures vanquished.

Grand Total: 324 creatures vanquished

Notes
Turn   | Place    | Note
-------+----------+-------------------------------------------
     0 | D:1      | billymom2 the Minotaur Berserker began the quest for the
                  | Orb.
     0 | D:1      | Reached XP level 1. HP: 19/19 MP: 0/0
   276 | D:1      | Reached XP level 2. HP: 27/27 MP: 1/1
   407 | D:1      | Reached skill level 4 in Axes
   772 | D:2      | Noticed Terence
   787 | D:2      | Killed Terence
   787 | D:2      | Reached XP level 3. HP: 20/33 MP: 2/2
  1000 | D:2      | Reached XP level 4. HP: 32/40 MP: 3/3
  1147 | D:2      | Reached ** piety under Trog
  1317 | D:2      | Reached skill level 5 in Axes
  1820 | D:3      | Reached XP level 5. HP: 42/46 MP: 4/4
  1868 | D:3      | Found a glowing golden altar of the Shining One.
  2266 | D:3      | Found a shadowy altar of Dithmenos.
  2277 | D:3      | Reached *** piety under Trog
  2359 | D:3      | Found a faded altar of an unknown god.
  2484 | D:3      | Found an ancient bone altar of Kikubaaqudgha.
  2536 | D:3      | Found a hazy altar of Hepliaklqana.
  2726 | D:4      | Found a sand-covered staircase.
  2733 | Ossuary  | Entered an ossuary
  2747 | Ossuary  | Reached skill level 1 in Stealth
  2747 | Ossuary  | Reached XP level 6. HP: 52/53 MP: 5/5
  2756 | Ossuary  | Reached skill level 6 in Axes
  2756 | Ossuary  | Reached skill level 5 in Armour
  2996 | Ossuary  | Reached skill level 5 in Fighting
  2996 | Ossuary  | Reached XP level 7. HP: 61/61 MP: 6/6
  3005 | Ossuary  | Reached skill level 7 in Axes
  3811 | D:4      | Reached **** piety under Trog
  4063 | D:4      | Reached skill level 8 in Axes
  4719 | D:4      | Reached XP level 8. HP: 69/69 MP: 7/7
  5080 | D:5      | Entered Level 5 of the Dungeon
  5161 | D:5      | Noticed Edmund
  5169 | D:5      | Killed Edmund
  5169 | D:5      | Reached skill level 9 in Axes
  5239 | D:5      | Found a blossoming altar of Fedhas.
  5242 | D:5      | Found a stormy altar of Qazlal.
  5346 | D:5      | Found a sacrificial altar of Ru.
  5383 | D:5      | Found a shattered altar of Ashenzari.
  5622 | D:5      | Found an opulent altar of Gozag.
  5887 | D:6      | Noticed Sigmund
  6306 | D:6      | Killed Sigmund
  6306 | D:6      | Reached skill level 10 in Axes
  7244 | D:6      | Noticed Eustachio
  7250 | D:6      | Killed Eustachio
  7250 | D:6      | Reached XP level 9. HP: 78/78 MP: 8/8
  7485 | D:7      | Found a staircase to the Ecumenical Temple.
  7560 | D:7      | Reached skill level 5 in Dodging
  7741 | D:7      | Reached skill level 11 in Axes
  7790 | D:7      | Noticed Joseph
  7817 | D:7      | Killed Joseph
  8547 | D:7      | Noticed Harold
  8558 | D:7      | Killed Harold
  8558 | D:7      | Reached skill level 12 in Axes
  9075 | D:7      | Found a runed translucent door.
  9076 | D:7      | Noticed Crazy Yiuf
  9083 | D:7      | Killed Crazy Yiuf
  9169 | D:8      | Reached XP level 10. HP: 86/90 MP: 9/9
  9669 | D:8      | Found a staircase to the Lair.
 10062 | D:8      | Reached skill level 13 in Axes
 10064 | D:8      | Reached ***** piety under Trog
 10132 | D:8      | Found Xazuebam's General Store.
 10550 | D:9      | Found a staircase to the Orcish Mines.
 10962 | Orc:1    | Entered Level 1 of the Orcish Mines
 10974 | Orc:1    | Noticed Urug
 10982 | Orc:1    | Killed Urug
 11013 | Orc:1    | Reached skill level 14 in Axes
 11170 | Orc:1    | Noticed a stone giant
 11482 | Orc:1    | Killed a stone giant
 11726 | Orc:1    | Reached skill level 10 in Fighting
 11886 | Orc:2    | Entered Level 2 of the Orcish Mines
 11921 | Orc:2    | Found a staircase to the Elven Halls.
 11933 | Orc:2    | Reached XP level 11. HP: 99/99 MP: 10/10
 12085 | Orc:2    | Found Nucwu's Weapon Emporium.
 12244 | Orc:2    | Found Horosm's Book Shop.
 12244 | Orc:2    | Noticed an orc high priest
 12250 | Orc:2    | Noticed a sixfirhy
 12250 | Orc:2    | Killed an orc high priest
 12333 | Orc:2    | Noticed an orc sorcerer
 12337 | Orc:2    | Noticed an orc high priest
 12343 | Orc:2    | Killed an orc sorcerer
 12343 | Orc:2    | Received a gift from Trog
 12350 | Orc:2    | Killed an orc high priest
 12350 | Orc:2    | Reached skill level 15 in Axes
 12352 | Orc:2    | Found a roughly hewn altar of Beogh.
 12355 | Orc:2    | Noticed an orc high priest
 12358 | Orc:2    | Noticed a sun demon
 12360 | Orc:2    | Killed an orc high priest
 12565 | Orc:2    | Noticed an orc sorcerer
 12576 | Orc:2    | Killed an orc sorcerer
 12653 | Orc:2    | Noticed a stone giant
 12657 | Orc:2    | Hit by a large rock thrown by a stone giant

Illustrated notes

Levels and vault maps discovered:
D:1:      eino_arrival_druids_welcome, layout_basic
D:2:      layout_loops_cross, dk_noncrumbling_4, chequers_avenue, uniq_terence
D:3:      layout_loops_cross, lemuel_zombie_altar_kikubaaqudgha,
          old_standard_altar, nicolae_dithmenos_shadow_blocks,
          lemuel_round_altar, chequers_ecumenical_altar_simple, minivault_4
D:4:      layout_basic, nicolae_ossuary_entry_plus
D:5:      layout_loops_cross, grunt_temple_overflow_forces_of_nature,
          grunt_gozag_breadcrumbs, nicolae_overflow_crystal_walls,
          old_standard_altar, first_ration, uniq_edmund
D:6:      layout_basic, uniq_eustachio, uniq_sigmund
D:7:      layout_basic, minmay_temple_entry_wispy, uniq_harold, uniq_joseph,
          uniq_crazy_yiuf_cottage
D:8:      minmay_inner_zag, layout_rooms, lair_entry_dummy, serial_shops, shop
D:9:      layout_cave_pools, grunt_temple_overflow_bloody_war, orc_0_dummy,
          uniq_maurice
Orc:1:    layout_caves, uniq_urug
Orc:2:    st_orc_town, layout_caves

Skill      XL: |  1  2  3  4  5  6  7  8  9 10 11 |
---------------+----------------------------------+-----
Fighting       | 4 5 6 8 10 | 10.9
Axes           | 4 5 6 8 10 12 14 15 | 15.6
Armour         | 3 4 5 6 7 8 9 |  9.0
Dodging        | 3 4 5 6 |  6.5
Stealth        | 1 |  1.2

Action                   |  1- 3 |  4- 6 |  7- 9 | 10-12 || total
-------------------------+-------+-------+-------+-------++-------
Melee: Hand axe          |    56 |   154 |   338 |    69 ||   617
       Headbutt          |     9 |    25 |    78 |    61 ||   173
       Battleaxe         |       |       |       |   234 ||   234
Invok: Berserk           |     1 |     3 |     6 |     9 ||    19
       Brothers in Arms  |       |       |     2 |     3 ||     5
  Use: Potion            |     4 |     2 |     6 |     4 ||    16
       Scroll            |     2 |     3 |    11 |     8 ||    24
 Stab: Sleeping          |     1 |       |     1 |       ||     2
       Distracted        |       |       |     1 |       ||     1
  Eat: Ration            |       |     2 |     6 |     3 ||    11
Armor: Ring mail         |     9 |    52 |    43 |    45 ||   149
       Animal skin       |     1 |       |       |       ||     1
       Leather armour    |       |       |    33 |       ||    33
       Plate armour      |       |       |       |    82 ||    82
Dodge: Dodged            |    37 |   106 |   178 |   155 ||   476

Table legend:
 A = Non-vault XP
 B = Vault XP
 C = Vault XP percentage of total XP
 D = Non-vault monster count
 E = Vault monster count
 F = Vault count percentage of total count
                 A         B        C        D         E       F
            +---------+---------+-------+---------+---------+-------
      Total |    8973 |    7992 |  47.1 |     226 |      89 |  28.3
            +---------+---------+-------+---------+---------+-------
        D:1 |      33 |       0 |   0.0 |      18 |       0 |   0.0
        D:2 |     127 |      32 |  20.1 |      24 |       1 |   4.0
        D:3 |     133 |       3 |   2.2 |      33 |       3 |   8.3
        D:4 |     560 |       0 |   0.0 |      24 |       0 |   0.0
        D:5 |     148 |      99 |  40.1 |      13 |       1 |   7.1
        D:6 |     736 |     418 |  36.2 |      17 |       2 |  10.5
        D:7 |    1055 |    1494 |  58.6 |      22 |       3 |  12.0
        D:8 |    1473 |     424 |  22.4 |      34 |       5 |  12.8
        D:9 |     849 |       0 |   0.0 |      12 |       0 |   0.0
      Orc:1 |    1804 |     847 |  32.0 |      16 |       1 |   5.9
      Orc:2 |    2055 |    3988 |  66.0 |      13 |      47 |  78.3
    Ossuary |       0 |     687 | 100.0 |       0 |      26 | 100.0
            +---------+---------+-------+---------+---------+-------
